 Dungeon Crawl Stone Soup version 0.28.0-47-ge53b351184 (webtiles) character file.

Game seed: 5839876540509241294

15 pkoi the Sneak (level 2, -2/25 HPs)
             Began as a Demigod Delver on May 2, 2022.
             Slain by a hound (3 damage)
             ... on level 3 of the Dungeon.
             The game lasted 00:01:04 (324 turns).

pkoi the Sneak (Demigod Delver)                      Turns: 324, Time: 00:01:04

Health: -2/25      AC:  4    Str: 13    XL:     2   Next: 21%
Magic:  4/4        EV: 11    Int: 12    God:
Gold:   14         SH:  0    Dex: 15    Spells: 1/1 levels left

rFire   . . .      SeeInvis .   h - +0 spear
rCold   . . .      Faith    .   (no shield)
rNeg    . . .      Spirit   .   a - +0 leather armour
rPois   .          Reflect  .   (no helmet)
rElec   .          Harm     .   (no cloak)
rCorr   .          Rampage  .   j - +0 pair of gloves
Will    .....                   (no boots)
Stlth   +++.......              (no amulet)
HPRegen 0.08/turn               (no ring)
MPRegen 0.09/turn               (no ring)

@: weak-willed, hasted, very quick
A: high MP 1, forlorn, divine attributes
a: no special abilities


You were on level 3 of the Dungeon.
You visited 1 branch of the dungeon, and saw 3 of its levels.

You collected 14 gold pieces.

Inventory:

Hand Weapons
 h - a +0 spear (weapon)
 i - a +0 flail
Missiles
 g - 15 stones (quivered)
Armour
 a - a +0 leather armour (worn)
 j - a +0 pair of gloves (worn)
Wands
 f - a wand of digging (3)
Scrolls
 b - a scroll of fog
 c - a scroll of magic mapping


   Skills:
 + Level 2.6 Fighting
 + Level 0.0 Armour
 - Level 1.7 Dodging
 - Level 4.5 Stealth
 * Level 2.7 Unarmed Combat


You had one spell level left.
You didn't know any spells.
Your spell library was empty.

Dungeon Overview and Level Annotations

Branches:
Dungeon (5/15)
 Temple: D:4-7


Innate Abilities, Weirdness & Mutations

You have an increased reservoir of magic. (+10% MP)
You shall have no god before yourself.
Your divine heritage dramatically boosts your attributes as you level up.


Message History

The hound bites you but does no damage.
Okay, then.
Okay, then.
As you read the scroll labelled CIFAGG IMIZ, it crumbles to dust.
Magic quickly surges around you.
It was a scroll of vulnerability.
The hound closely misses you. The hound bites you.
* * * LOW HITPOINT WARNING * * *
As you read the scroll of fear, it crumbles to dust.
You assume a fearsome visage.
The adder skeleton is unaffected.
The orc looks frightened!
The hound looks frightened!
Found 16 stones.
Found an amethyst potion.
A hound comes into view.
The hobgoblin shouts!
Found a bubbling coppery potion.
The hound bites you.
* * * LOW HITPOINT WARNING * * *
The adder skeleton closely misses you.
You see here an amethyst potion.
Okay, then.
You feel yourself speed up. The hound closely misses you.
The hobgoblin misses you.
The adder skeleton completely misses you.
The hound closely misses you. The hobgoblin hits you.
* * * LOW HITPOINT WARNING * * *
Found a stone staircase leading up.
Found a scroll of fog.
There is a stone staircase leading up here.
The hound bites you but does no damage.
You climb upwards.
There is a stone staircase leading down here.
Okay, then.
You hit the hound.
The hound is moderately wounded.
The hound bites you.
* * * LOW HITPOINT WARNING * * *
You closely miss the hound.
The hound is moderately wounded.
The hound bites you.
You die...

############
...........#
.......h...#
.......@...#
............#
............#
............#
............#
.######+#+#.#
.# #


You could see a hound.

Vanquished Creatures
  A hound zombie (D:5)
1 creature vanquished.

Vanquished Creatures (others)
  8 fungi (D:5)
8 creatures vanquished.

Grand Total: 9 creatures vanquished

Notes
Turn   | Place    | Note
-------+----------+-------------------------------------------
     0 | D:5      | pkoi the Demigod Delver began the quest for the Orb.
     0 | D:5      | Reached XP level 1. HP: 18/18 MP: 3/3
    64 | D:5      | Reached XP level 2. HP: 13/25 MP: 4/4
   311 | D:4      | HP: 1/25 [hobgoblin (1)]
   323 | D:3      | HP: 1/25 [hound (1)]
   324 | D:3      | Slain by a hound

Illustrated notes

Levels and vault maps discovered:
D:3:      layout_basic, kiku_gazebo_pond_becter
D:4:      layout_rooms, grunt_temple_overflow_lords_of_destruction,
          chequers_serial_rivers_small_a, uniq_eustachio
D:5:      layout_loops_cross, mainiacjoe_overflow_cross_hatched,
          serial_aquarium, aquarium_bridge_long_separate
          [aquarium_subvault_bridge, aquarium_subvault_wall,
          aquarium_subvault_window, aquarium_subvault_bridge,
          aquarium_subvault_bridge, aquarium_subvault_wall], aquarium_window_2,
          aquarium_window_fake, aquarium_view_2c

Skill      XL: |  1 |
---------------+----+-----
Unarmed Combat | 2 |  2.7
Fighting       | |  2.6
Dodging        | |  1.7
Stealth        | |  4.5

Action                   || total
-------------------------++-------
Melee: Spear             ||    19
  Use: Scroll            ||     2
       Potion            ||     1
 Stab: Sleeping          ||     1
Armor: Leather armour    ||    10
Dodge: Dodged            ||    18
